AoeStats
← EmperorNowBack

Arabia

509656657Analyzed
1v1 RM · 5d ago on Sep 27, 2026· 23m 58s· 2 players
Game mode
Random Map
Map size
Tiny (2 player)
Population
200
Speed
Normal
Resources
Standard
Victory
Conquest
Starting age
Dark Age
Ending age
Imperial Age
RankedLock teamsTeams togetherTeam positionsShared explorationLock speedFull tech treeHidden civsTurbo modeCheats
Victory
Defeat
🇧🇬 Slavs · Bulgaria
1522
+19
🇧🇷 Burgundians · Brazil
1598
-19
noobyonee
7:39 Loom
10:21 Feudal Age
10:22 Man-at-Arms
11:12 Double-Bit Axe
14:57 Horse Collar
15:26 Fletching
21:19 Castle Age
21:22 Scale Mail Armor
21:33 Forging
21:34 Long Swordsman
22:14 Squires
25:02 Iron Casting
EmperorNowBack
4:36 Double-Bit Axe
7:05 Loom
10:11 Feudal Age
11:15 Bow Saw
11:41 Horse Collar
13:41 Town Watch
15:19 Wheelbarrow
16:24 Fletching
17:38 Padded Archer Armor
22:15 Castle Age
21:30 Heavy Plow
21:21 Gold Mining
22:05 Scale Barding Armor
22:40 Gold Shaft Mining
23:15 Bodkin Arrow
23:38 Cavalier
Connection lost

Rejoining the realm…

Still unreachable

The connection could not be restored.

Session expired

The server has moved on; the page needs a fresh start.